[Event "SRB-ch Semifinal 2021"]
[Site "Paracin"]
[Date "2021.03.19"]
[Round "5.9"]
[White "Perunovic, Miodrag"]
[Black "Velickovic, Sasa"]
[Result "1-0"]
[ECO "B24"]
[WhiteElo "2428"]
[BlackElo "2288"]
[Annotator "NA"]
[PlyCount "97"]
[EventDate "2021.03.16"]
[EventType "swiss"]
[EventCountry "SRB"]
[SourceTitle "playchess.com"]
[Source "ChessBase"]
[SourceQuality "1"]
[TimeControl "40/5400+30:1800+30"]

1. e4 c5 2. Nc3 Nc6 3. Bb5 Nd4 4. Nf3 e6 5. O-O a6 6. Bd3 Nc6 7. b3 d6 8. Bb2 Nf6 9. Re1 Qc7 10. Bf1 Be7 11. d4 cxd4 12. Nxd4 O-O 13. Qd2 Bd7 14. Rad1 Rfd8 15. Nf3 Ne5 16. Nd4 Nc6 17. Re3 Nxd4 18. Qxd4 Bc6 19. Rg3 e5 20. Qe3 Nh5 21. Rf3 b5 22. Qe2 Nf4 23. Qe1 Rac8 24. Rd2 Bg5 25. Rg3 h6 26. Rd1 Qb7 27. a3 Qe7 28. Rf3 Bd7 29. Re3 Bc6 30. h4 Bf6 31. g3 Ne6 32. Nd5 Bxd5 33. exd5 Rxc2 34. Bc3 Nc5 35. Ba5 Re8 36. Bh3 Qa7 37. Bf5 Ra2 38. b4 Nb7 39. Bc7 Nc5 40. Bxd6 Nb7 41. Bc7 e4 42. d6 Bd4 43. d7 Rf8 44. Re2 Rxe2 45. Qxe2 e3 46. fxe3 Bxe3+ 47. Kg2 Bb6 48. Be5 Nd8 49. Bd6 1-0

[Event "SRB-ch Semifinal 2021"]
[Site "Paracin"]
[Date "2021.03.19"]
[Round "5.10"]
[White "Zegarac, Vuk"]
[Black "Arandjelovic, Aleksandar Z"]
[Result "1-0"]
[ECO "E71"]
[WhiteElo "2386"]
[BlackElo "1925"]
[Annotator "NA"]
[PlyCount "89"]
[EventDate "2021.03.16"]
[EventType "swiss"]
[EventCountry "SRB"]
[SourceTitle "playchess.com"]
[Source "ChessBase"]
[SourceQuality "1"]
[TimeControl "40/5400+30:1800+30"]

1. d4 Nf6 2. c4 g6 3. Nc3 Bg7 4. e4 d6 5. h3 O-O 6. Be3 Nbd7 7. g4 e5 8. d5 a5 9. Nge2 b6 10. Ng3 Nc5 11. Qd2 Ne8 12. O-O-O Bd7 13. f3 a4 14. h4 f5 15. gxf5 gxf5 16. exf5 Rxf5 17. Be2 Rf4 18. Nh5 Rf7 19. Rdg1 Bf5 20. Ng3 Qd7 21. Nxf5 Qxf5 22. Rg5 Qd7 23. Bd1 Nf6 24. h5 Kh8 25. h6 Bf8 26. Bc2 Ng8 27. Rg3 Be7 28. Rhg1 Nf6 29. Qg2 Raf8 30. Rg7 Qe8 31. Bf5 Nh5 32. Bxh7 Bf6 33. Rxf7 Rxf7 34. Bg6 Nf4 35. Bxf4 exf4 36. Bxf7 Qxf7 37. Qg6 Qxg6 38. Rxg6 Bd4 39. Nb5 Be3+ 40. Kc2 Nd7 41. Nxc7 Ne5 42. Rf6 Nxf3 43. Ne6 Ne1+ 44. Kd1 Nd3 45. Ng5 1-0

[Event "SRB-ch Semifinal 2021"]
[Site "Paracin"]
[Date "2021.03.20"]
[Round "6.3"]
[White "Arsovic, Zoran"]
[Black "Budisavljevic, Luka"]
[Result "0-1"]
[ECO "A13"]
[WhiteElo "2374"]
[BlackElo "2510"]
[Annotator "ChessBase"]
[PlyCount "70"]
[EventDate "2021.03.16"]
[EventType "swiss"]
[EventCountry "SRB"]
[SourceTitle "playchess.com"]
[Source "ChessBase"]
[SourceQuality "1"]
[TimeControl "40/5400+30:1800+30"]

1. c4 e6 2. g3 d5 3. Bg2 a6 4. cxd5 exd5 5. Nf3 Nf6 6. O-O Bd6 7. b3 O-O 8. Bb2 Re8 9. Nc3 Bg4 10. Rc1 Nbd7 11. d3 Ne5 12. Nh4 g5 13. Nf3 Bxf3 14. Bxf3 Nxf3+ 15. exf3 Qd7 16. Ne2 Nh5 17. Qd2 f6 18. Rfe1 Qh3 19. Kh1 Kf7 20. Ng1 Qf5 21. Re3 Ng7 22. Rce1 h5 23. Rxe8 Rxe8 24. Rxe8 Nxe8 25. Kg2 h4 26. h3 c5 27. Qe3 Ng7 28. Ne2 Qd7 29. Ba3 Nf5 30. Qd2 hxg3 31. fxg3 d4 32. Qc1 Qe7 33. Qd2 Qe5 34. f4 Qd5+ 35. Kh2 Ne3 0-1

[Event "SRB-ch Semifinal 2021"]
[Site "Paracin"]
[Date "2021.03.20"]
[Round "6.4"]
[White "Milosevic, Milos"]
[Black "Tadic, Stefan"]
[Result "1-0"]
[ECO "D30"]
[WhiteElo "2315"]
[BlackElo "2419"]
[Annotator "NA"]
[PlyCount "77"]
[EventDate "2021.03.16"]
[EventType "swiss"]
[EventCountry "SRB"]
[SourceTitle "playchess.com"]
[Source "ChessBase"]
[SourceQuality "1"]
[TimeControl "40/5400+30:1800+30"]

1. d4 d5 2. c4 e6 3. Nf3 c5 4. cxd5 exd5 5. g3 Nf6 6. Bg2 Nc6 7. O-O Be7 8. dxc5 Bxc5 9. a3 a6 10. b4 Ba7 11. Nc3 d4 12. Na4 O-O 13. Bg5 h6 14. Bxf6 Qxf6 15. Rc1 Re8 16. Nc5 Re7 17. h3 Bxc5 18. Rxc5 Bf5 19. Nd2 Rae8 20. e4 Bh7 21. Rd5 Rc7 22. Qa4 Rec8 23. Rc1 b5 24. Qb3 Ne5 25. Rcc5 Rxc5 26. bxc5 g5 27. Rd6 Qe7 28. Qd5 d3 29. c6 Nc4 30. Rd7 Qf6 31. c7 Kg7 32. Nxc4 bxc4 33. Qxc4 Bg6 34. Qxd3 Qb6 35. Qc3+ Kh7 36. e5 Kg8 37. e6 Qb1+ 38. Kh2 Qb6 39. Qf6 1-0

[Event "SRB-ch Semifinal 2021"]
[Site "Paracin"]
[Date "2021.03.20"]
[Round "6.5"]
[White "Sredojevic, Ivan"]
[Black "Radovanovic, Nikola"]
[Result "1/2-1/2"]
[ECO "B85"]
[WhiteElo "2288"]
[BlackElo "2391"]
[Annotator "NA"]
[PlyCount "20"]
[EventDate "2021.03.16"]
[EventType "swiss"]
[EventCountry "SRB"]
[SourceTitle "playchess.com"]
[Source "ChessBase"]
[SourceQuality "1"]
[TimeControl "40/5400+30:1800+30"]

1. e4 c5 2. Nf3 d6 3. d4 cxd4 4. Nxd4 Nf6 5. Nc3 a6 6. Be3 e6 7. Be2 Be7 8. O-O O-O 9. f4 Qc7 10. Qe1 Nc6 1/2-1/2

[Event "SRB-ch Semifinal 2021"]
[Site "Paracin"]
[Date "2021.03.20"]
[Round "6.6"]
[White "Irizanin, Radoje"]
[Black "Ratkovic, Milovan"]
[Result "0-1"]
[ECO "D00"]
[WhiteElo "2343"]
[BlackElo "2462"]
[Annotator "ChessBase"]
[PlyCount "72"]
[EventDate "2021.03.16"]
[EventType "swiss"]
[EventCountry "SRB"]
[SourceTitle "playchess.com"]
[Source "ChessBase"]
[SourceQuality "1"]
[TimeControl "40/5400+30:1800+30"]

1. d4 d5 2. Bf4 c5 3. e3 cxd4 4. exd4 Nc6 5. c3 Bf5 6. Nf3 a6 7. Nbd2 e6 8. Be2 Nf6 9. Nh4 Be4 10. Nxe4 Nxe4 11. Nf3 Bd6 12. Bxd6 Qxd6 13. O-O O-O 14. Bd3 f5 15. Qe2 Rae8 16. Rae1 Kh8 17. Ne5 Nxe5 18. dxe5 Qc7 19. Kh1 Nc5 20. Bb1 b5 21. f3 Rb8 22. g4 fxg4 23. fxg4 Nd7 24. g5 g6 25. Qg4 Rxf1+ 26. Rxf1 Qxe5 27. Qb4 Kg8 28. Bd3 Rf8 29. Rxf8+ Nxf8 30. Qg4 Qe1+ 31. Kg2 Qd2+ 32. Qe2 Qxg5+ 33. Kh1 e5 34. a4 bxa4 35. Bxa6 Ne6 36. Bb7 Qc1+ 0-1

[Event "SRB-ch Semifinal 2021"]
[Site "Paracin"]
[Date "2021.03.20"]
[Round "6.7"]
[White "Popovic, Milan S"]
[Black "Perunovic, Miodrag"]
[Result "1-0"]
[ECO "B27"]
[WhiteElo "2327"]
[BlackElo "2428"]
[Annotator "NA"]
[PlyCount "55"]
[EventDate "2021.03.16"]
[EventType "swiss"]
[EventCountry "SRB"]
[SourceTitle "playchess.com"]
[Source "ChessBase"]
[SourceQuality "1"]
[TimeControl "40/5400+30:1800+30"]

1. e4 c5 2. Nf3 g6 3. c3 Nf6 4. e5 Nd5 5. d4 cxd4 6. Qxd4 e6 7. Bc4 Nc6 8. Qe4 Nb6 9. Bb3 d5 10. exd6 Qxd6 11. Bf4 Qc5 12. O-O Bg7 13. Rd1 e5 14. Na3 O-O 15. Be3 Qe7 16. Bg5 Qc5 17. Be3 Qe7 18. Bg5 Qc5 19. Qh4 h5 20. Be3 Qa5 21. Rd6 Bf5 22. g4 Ne7 23. Qxe7 Nc8 24. Rd5 Qxd5 25. Qxf8+ Kxf8 26. Bxd5 hxg4 27. Ng5 Ne7 28. Bxf7 1-0

[Event "SRB-ch Semifinal 2021"]
[Site "Paracin"]
[Date "2021.03.20"]
[Round "6.10"]
[White "Rasic, Milovan"]
[Black "Abramovic, Bosko"]
[Result "0-1"]
[ECO "A13"]
[WhiteElo "1606"]
[BlackElo "2330"]
[Annotator "NA"]
[PlyCount "60"]
[EventDate "2021.03.16"]
[EventType "swiss"]
[EventCountry "SRB"]
[SourceTitle "playchess.com"]
[Source "ChessBase"]
[SourceQuality "1"]
[TimeControl "40/5400+30:1800+30"]

1. c4 e6 2. Nc3 d5 3. e3 Nf6 4. cxd5 exd5 5. d4 c6 6. a3 Bf5 7. Bd3 Bxd3 8. Qxd3 Nbd7 9. Nf3 Bd6 10. b3 O-O 11. O-O Re8 12. Bb2 Ne4 13. Nd2 f5 14. f4 Nxd2 15. Qxd2 Re6 16. Rae1 Qe7 17. Qc1 Re8 18. Rf3 Nf6 19. h3 Nh5 20. g3 g5 21. Nd1 gxf4 22. gxf4 Rg6+ 23. Kf2 Nxf4 24. Rxf4 Bxf4 25. Ke2 Rg3 26. Kd3 Qe4+ 27. Kc3 Bxe3 28. Nxe3 Rxe3+ 29. Rxe3 Qxe3+ 30. Qxe3 Rxe3+ 0-1

[Event "SRB-ch Semifinal 2021"]
[Site "Paracin"]
[Date "2021.03.20"]
[Round "7.5"]
[White "Radovanovic, Nikola"]
[Black "Popovic, Milan S"]
[Result "1/2-1/2"]
[ECO "B15"]
[WhiteElo "2391"]
[BlackElo "2327"]
[Annotator "RC"]
[PlyCount "102"]
[EventDate "2021.03.16"]
[EventType "swiss"]
[EventCountry "SRB"]
[SourceTitle "playchess.com"]
[Source "ChessBase"]
[SourceQuality "1"]
[TimeControl "40/5400+30:1800+30"]

1. e4 c6 2. d4 d5 3. Nd2 dxe4 4. Nxe4 Nf6 5. Nxf6+ exf6 6. c3 Bd6 7. Bd3 Na6 8. Ne2 Kf8 9. Be3 h5 10. Qd2 g6 11. O-O Nc7 12. c4 Kg7 13. f4 f5 14. Nc3 b6 15. Be2 Bb7 16. Bf3 Rb8 17. Rad1 Ne8 18. d5 c5 19. Nb5 a6 20. Nxd6 Nxd6 21. b4 Qc7 22. bxc5 bxc5 23. Qc3+ Kh7 24. Bc1 a5 25. Bb2 Rhg8 26. Rfe1 Ba6 27. Ba1 Qd8 28. Be2 Rb7 29. Bd3 a4 30. Rb1 Rd7 31. Re3 Qh4 32. Rf1 Qd8 33. Rfe1 Rb7 34. Rh3 Re7 35. Rhe3 Rb7 36. Rh3 Re7 37. Re5 Rb7 38. Re1 Rb4 39. a3 Rb3 40. Qc1 Re8 41. Rxe8 Qxe8 42. Re3 Qf8 43. Bc2 Rb7 44. Bxa4 Bxc4 45. Bc6 Rb6 46. Re1 f6 47. Qc3 Kg7 48. Qa5 Qb8 49. Qc3 Qf8 50. Qa5 Qb8 51. Qc3 Qf8 1/2-1/2

[Event "SRB-ch Semifinal 2021"]
[Site "Paracin"]
[Date "2021.03.20"]
[Round "7.6"]
[White "Tadic, Stefan"]
[Black "Ivanovic, Marko"]
[Result "0-1"]
[ECO "B12"]
[WhiteElo "2419"]
[BlackElo "2274"]
[Annotator "NA"]
[PlyCount "58"]
[EventDate "2021.03.16"]
[EventType "swiss"]
[EventCountry "SRB"]
[SourceTitle "playchess.com"]
[Source "ChessBase"]
[SourceQuality "1"]
[TimeControl "40/5400+30:1800+30"]

1. e4 c6 2. d4 d5 3. e5 c5 4. dxc5 e6 5. Nd2 Nc6 6. Ngf3 Bxc5 7. Nb3 Bb6 8. Bf4 f6 9. Bg3 fxe5 10. Nxe5 Qf6 11. Nxc6 bxc6 12. Bd3 Ne7 13. Qe2 O-O 14. O-O Ng6 15. c4 Nf4 16. Bxf4 Qxf4 17. c5 Bc7 18. g3 Qf3 19. Nd4 Qf6 20. Nxc6 Bd7 21. Nb4 Rab8 22. a3 a5 23. c6 Be8 24. Na6 Rxb2 25. Qg4 h5 26. Qh4 g5 27. Qh3 Bb6 28. c7 Rxf2 29. Rxf2 Bxf2+ 0-1

[Event "SRB-ch Semifinal 2021"]
[Site "Paracin"]
[Date "2021.03.20"]
[Round "7.7"]
[White "Zegarac, Vuk"]
[Black "Drazic, Sinisa"]
[Result "0-1"]
[ECO "D24"]
[WhiteElo "2386"]
[BlackElo "2334"]
[Annotator "NA"]
[PlyCount "62"]
[EventDate "2021.03.16"]
[EventType "swiss"]
[EventCountry "SRB"]
[SourceTitle "playchess.com"]
[Source "ChessBase"]
[SourceQuality "1"]
[TimeControl "40/5400+30:1800+30"]

1. d4 d5 2. c4 dxc4 3. Nf3 Nf6 4. Nc3 a6 5. e4 b5 6. e5 Nd5 7. a4 e6 8. axb5 Nb6 9. bxa6 Rxa6 10. Rxa6 Bxa6 11. Be2 Be7 12. O-O O-O 13. Qc2 Nc6 14. Qe4 Qd7 15. Qg4 f5 16. exf6 Bxf6 17. Rd1 e5 18. Qxd7 Nxd7 19. Ne4 exd4 20. Nxf6+ Rxf6 21. Nxd4 Nce5 22. Be3 Rb6 23. Ra1 c5 24. Nf5 c3 25. Ne7+ Kf7 26. Nd5 cxb2 27. Rb1 Rd6 28. Bxa6 Rxa6 29. f4 Nc4 30. Kf2 Nf6 31. Nxf6 gxf6 0-1

[Event "SRB-ch Semifinal 2021"]
[Site "Paracin"]
[Date "2021.03.20"]
[Round "7.9"]
[White "Martic, Ivan"]
[Black "Irizanin, Radoje"]
[Result "0-1"]
[ECO "D00"]
[WhiteElo "2321"]
[BlackElo "2343"]
[Annotator "NA"]
[PlyCount "87"]
[EventDate "2021.03.16"]
[EventType "swiss"]
[EventCountry "SRB"]
[SourceTitle "playchess.com"]
[Source "ChessBase"]
[SourceQuality "1"]
[TimeControl "40/5400+30:1800+30"]

1. d4 d5 2. Bf4 Bg4 3. f3 Bf5 4. Nc3 e6 5. e3 Bd6 6. Nge2 Ne7 7. Qd2 Nbc6 8. Nb5 Bxf4 9. Nxf4 a6 10. Nc3 Qd6 11. g4 Bg6 12. h4 f6 13. O-O-O Bf7 14. Bh3 O-O-O 15. Na4 Kb8 16. Qc3 e5 17. Nd3 exd4 18. exd4 Nc8 19. Nac5 Nb6 20. b3 Rhe8 21. a4 Nd7 22. Kb2 Re3 23. Nxd7+ Rxd7 24. f4 Rde7 25. g5 R7e4 26. Bf5 Rxf4 27. Qd2 Rff3 28. Ne1 Rxe1 29. Rdxe1 Rxf5 30. Rhf1 Rxf1 31. Rxf1 Bg6 32. gxf6 gxf6 33. Qf2 Be4 34. Qxf6 Qxf6 35. Rxf6 Nxd4 36. Rf8+ Ka7 37. c3 Nf5 38. h5 Kb6 39. Rf6+ Nd6 40. Kc1 a5 41. Kd2 Kc6 42. Rf8 Kd7 43. Ra8 b6 44. Ke1 0-1

[Event "SRB-ch Semifinal 2021"]
[Site "Paracin"]
[Date "2021.03.20"]
[Round "7.10"]
[White "Perunovic, Miodrag"]
[Black "Pajcin, Lav"]
[Result "1-0"]
[ECO "B30"]
[WhiteElo "2428"]
[BlackElo "2167"]
[Annotator "NA"]
[PlyCount "67"]
[EventDate "2021.03.16"]
[EventType "swiss"]
[EventCountry "SRB"]
[SourceTitle "playchess.com"]
[Source "ChessBase"]
[SourceQuality "1"]
[TimeControl "40/5400+30:1800+30"]

1. e4 c5 2. Nc3 Nc6 3. Bb5 Nd4 4. Nf3 e6 5. O-O a6 6. Bd3 Ne7 7. Nxd4 cxd4 8. Ne2 Nc6 9. c3 dxc3 10. dxc3 Be7 11. Bc2 b5 12. f4 Bb7 13. Be3 Qc7 14. Kh1 h5 15. Qe1 h4 16. h3 d6 17. Qf2 Bf6 18. Rad1 e5 19. Bb6 Qe7 20. f5 O-O 21. Ng1 a5 22. Nf3 Ba6 23. Rd2 Rab8 24. Rfd1 Qb7 25. Be3 Rfd8 26. Ng5 Kf8 27. Qxh4 Ke7 28. Qf2 Ke8 29. Bb3 Rd7 30. Rxd6 Rbd8 31. Rxd7 Rxd7 32. Rxd7 Qxd7 33. Bxf7+ Kd8 34. Bb6+ 1-0

[Event "SRB-ch Semifinal 2021"]
[Site "Paracin"]
[Date "2021.03.21"]
[Round "8.1"]
[White "Budisavljevic, Luka"]
[Black "Ratkovic, Miloje"]
[Result "1-0"]
[ECO "B00"]
[WhiteElo "2510"]
[BlackElo "2497"]
[Annotator "ChessBase"]
[PlyCount "93"]
[EventDate "2021.03.16"]
[EventType "swiss"]
[EventCountry "SRB"]
[SourceTitle "playchess.com"]
[Source "ChessBase"]
[SourceQuality "1"]
[TimeControl "40/5400+30:1800+30"]

1. e4 b6 2. d4 Bb7 3. Bd3 e6 4. Nf3 c5 5. c3 Nf6 6. Qe2 Be7 7. O-O Nc6 8. a3 Na5 9. Nbd2 c4 10. Bc2 Qc7 11. Re1 O-O 12. Rb1 Nh5 13. Nf1 Nf4 14. Bxf4 Qxf4 15. Ne5 Bd6 16. Nxc4 Nxc4 17. Qxc4 f5 18. Re3 fxe4 19. Qe2 Ba6 20. Qe1 Bxf1 21. g3 Qg5 22. Qxf1 Rf6 23. Qe2 Raf8 24. Rf1 h5 25. Rxe4 Rh6 26. Rh4 Be7 27. Bd1 Rf5 28. Bc2 Rf8 29. Re4 h4 30. Re5 Qf6 31. Rh5 Bd6 32. Kg2 hxg3 33. hxg3 Kf7 34. Rxh6 Qxh6 35. Rh1 Qg5 36. Rh5 Qc1 37. Rh1 Qg5 38. Rh5 Qc1 39. Bd3 Ke7 40. f4 Bxf4 41. gxf4 Qxf4 42. Rh3 Kd8 43. Qe3 Qg4+ 44. Rg3 Qd1 45. Rxg7 Rh8 46. Qg5+ Kc7 47. Qe5+ 1-0

[Event "SRB-ch Semifinal 2021"]
[Site "Paracin"]
[Date "2021.03.21"]
[Round "8.2"]
[White "Stankovic, Milos"]
[Black "Cabarkapa, Novak"]
[Result "1/2-1/2"]
[ECO "B30"]
[WhiteElo "2414"]
[BlackElo "2455"]
[Annotator "ChessBase"]
[PlyCount "25"]
[EventDate "2021.03.16"]
[EventType "swiss"]
[EventCountry "SRB"]
[SourceTitle "playchess.com"]
[Source "ChessBase"]
[SourceQuality "1"]
[TimeControl "40/5400+30:1800+30"]

1. e4 c5 2. Nf3 Nc6 3. Bb5 e6 4. O-O Nge7 5. d4 cxd4 6. Nxd4 Ng6 7. Be3 Be7 8. Nc3 O-O 9. Be2 b6 10. Nb3 Bb7 11. f4 Qc8 12. Nb5 f5 13. e5 1/2-1/2

[Event "SRB-ch Semifinal 2021"]
[Site "Paracin"]
[Date "2021.03.21"]
[Round "8.3"]
[White "Sedlak, Nikola"]
[Black "Popovic, Milan S"]
[Result "1-0"]
[ECO "A10"]
[WhiteElo "2514"]
[BlackElo "2327"]
[Annotator "ChessBase"]
[PlyCount "79"]
[EventDate "2021.03.16"]
[EventType "swiss"]
[EventCountry "SRB"]
[SourceTitle "playchess.com"]
[Source "ChessBase"]
[SourceQuality "1"]
[TimeControl "40/5400+30:1800+30"]

1. c4 g6 2. Nc3 Bg7 3. g3 d6 4. Bg2 e5 5. d3 f5 6. e4 Nc6 7. Nge2 Nf6 8. Nd5 fxe4 9. dxe4 Bg4 10. f3 Be6 11. Be3 Qd7 12. Qd2 Nd8 13. O-O O-O 14. b3 Nxd5 15. cxd5 Bh3 16. Rac1 Bxg2 17. Kxg2 c5 18. h4 b5 19. h5 a5 20. hxg6 hxg6 21. a3 Qe8 22. Nc3 b4 23. Na4 Rb8 24. Qc2 Nf7 25. axb4 axb4 26. Nb2 Bf6 27. Nc4 Kg7 28. Rh1 Qd7 29. Nxd6 Qxd6 30. Bxc5 Qa6 31. Bxf8+ Rxf8 32. Qc4 Qb6 33. Rc2 Bd8 34. Qc5 Qxc5 35. Rxc5 Be7 36. Rc7 Bd6 37. Rd7 Rc8 38. Ra1 Rc2+ 39. Kh3 Kf6 40. Raa7 1-0

[Event "SRB-ch Semifinal 2021"]
[Site "Paracin"]
[Date "2021.03.21"]
[Round "8.5"]
[White "Arsovic, Zoran"]
[Black "Sredojevic, Ivan"]
[Result "1-0"]
[ECO "A04"]
[WhiteElo "2374"]
[BlackElo "2288"]
[Annotator "ChessBase"]
[PlyCount "55"]
[EventDate "2021.03.16"]
[EventType "swiss"]
[EventCountry "SRB"]
[SourceTitle "playchess.com"]
[Source "ChessBase"]
[SourceQuality "1"]
[TimeControl "40/5400+30:1800+30"]

1. Nf3 d6 2. d4 Nf6 3. g3 g6 4. Bg2 Bg7 5. O-O O-O 6. Re1 Nbd7 7. e4 e5 8. Nc3 Re8 9. a4 a5 10. h3 c6 11. Be3 Qc7 12. Qd2 b6 13. Rad1 Bb7 14. Nh2 Rad8 15. f4 Nh5 16. Qf2 exd4 17. Bxd4 Bxd4 18. Qxd4 Ndf6 19. g4 c5 20. Qf2 Ng7 21. Qh4 Qe7 22. e5 dxe5 23. Bxb7 Rxd1 24. Nxd1 e4 25. Bc6 Rd8 26. Nc3 Qd6 27. Rd1 Qe7 28. Nd5 1-0

[Event "SRB-ch Semifinal 2021"]
[Site "Paracin"]
[Date "2021.03.21"]
[Round "8.6"]
[White "Drazic, Sinisa"]
[Black "Ivanovic, Marko"]
[Result "1-0"]
[ECO "C45"]
[WhiteElo "2334"]
[BlackElo "2274"]
[Annotator "ChessBase"]
[PlyCount "57"]
[EventDate "2021.03.16"]
[EventType "swiss"]
[EventCountry "SRB"]
[SourceTitle "playchess.com"]
[Source "ChessBase"]
[SourceQuality "1"]
[TimeControl "40/5400+30:1800+30"]

1. e4 e5 2. Nf3 Nc6 3. d4 exd4 4. Nxd4 Bc5 5. Be3 Qf6 6. c3 Nge7 7. Nc2 Bb6 8. Nba3 Qg6 9. Nb5 O-O 10. Bxb6 axb6 11. Nxc7 Ra5 12. f3 Re5 13. Qd2 d5 14. O-O-O dxe4 15. b4 e3 16. Nxe3 Nxb4 17. cxb4 Qc6+ 18. Nc4 b5 19. Qd6 bxc4 20. Qxe5 Ng6 21. Qc5 Qa4 22. Qa5 Qc6 23. Qc5 Qa4 24. Bxc4 Qa3+ 25. Kb1 b6 26. Nb5 Qa4 27. Bb3 Qa6 28. Qh5 Ne7 29. Qxf7+ 1-0

[Event "SRB-ch Semifinal 2021"]
[Site "Paracin"]
[Date "2021.03.21"]
[Round "8.7"]
[White "Perunovic, Miodrag"]
[Black "Ratkovic, Milovan"]
[Result "1-0"]
[ECO "B23"]
[WhiteElo "2428"]
[BlackElo "2462"]
[Annotator "ChessBase"]
[PlyCount "59"]
[EventDate "2021.03.16"]
[EventType "swiss"]
[EventCountry "SRB"]
[SourceTitle "playchess.com"]
[Source "ChessBase"]
[SourceQuality "1"]
[TimeControl "40/5400+30:1800+30"]

1. e4 c5 2. Nc3 a6 3. Nge2 b5 4. g3 Bb7 5. Bg2 e6 6. d4 cxd4 7. Nxd4 Nf6 8. O-O d6 9. Re1 e5 10. Nf5 g6 11. Ne3 Bg7 12. a4 O-O 13. axb5 axb5 14. Rxa8 Bxa8 15. Nxb5 Nxe4 16. Nxd6 Nxd6 17. Bxa8 Na6 18. Bg2 e4 19. Nd5 Re8 20. b3 Nc5 21. Ba3 Ncb7 22. c4 Kh8 23. Qd2 f5 24. Bb2 Qd7 25. Nf6 Bxf6 26. Bxf6+ Kg8 27. Bb2 Qf7 28. Qd4 Kf8 29. Ba3 Re6 30. Rd1 1-0

[Event "SRB-ch Semifinal 2021"]
[Site "Paracin"]
[Date "2021.03.21"]
[Round "8.8"]
[White "Irizanin, Radoje"]
[Black "Tadic, Stefan"]
[Result "0-1"]
[ECO "A45"]
[WhiteElo "2343"]
[BlackElo "2419"]
[Annotator "ChessBase"]
[PlyCount "74"]
[EventDate "2021.03.16"]
[EventType "swiss"]
[EventCountry "SRB"]
[SourceTitle "playchess.com"]
[Source "ChessBase"]
[SourceQuality "1"]
[TimeControl "40/5400+30:1800+30"]

1. d4 Nf6 2. Bg5 e6 3. e3 h6 4. Bh4 c5 5. Nd2 Nc6 6. c3 d5 7. f4 Qb6 8. Rb1 cxd4 9. exd4 Bd6 10. Qf3 Qc7 11. Nh3 Ne7 12. Bd3 Bd7 13. O-O O-O-O 14. b4 Kb8 15. b5 Rdg8 16. Bxf6 gxf6 17. c4 dxc4 18. Nxc4 Nf5 19. Nxd6 Nxd6 20. Nf2 h5 21. Kh1 f5 22. a4 h4 23. Rfc1 Qb6 24. Qe3 Rc8 25. a5 Qxa5 26. Qe5 Qb6 27. Rc5 Rhf8 28. Rbc1 f6 29. Qe2 Nxb5 30. Qb2 Nd6 31. Qa3 a6 32. Ra1 Nb5 33. Qb4 Rg8 34. Bf1 Bc6 35. Qb1 Rcd8 36. Qb2 Rxd4 37. Bxb5 Bxg2+ 0-1

[Event "SRB-ch Semifinal 2021"]
[Site "Paracin"]
[Date "2021.03.21"]
[Round "8.9"]
[White "Mijatovic, Dusan"]
[Black "Zegarac, Vuk"]
[Result "0-1"]
[ECO "B12"]
[WhiteElo "2246"]
[BlackElo "2386"]
[Annotator "ChessBase"]
[PlyCount "96"]
[EventDate "2021.03.16"]
[EventType "swiss"]
[EventCountry "SRB"]
[SourceTitle "playchess.com"]
[Source "ChessBase"]
[SourceQuality "1"]
[TimeControl "40/5400+30:1800+30"]

1. e4 c6 2. d4 d5 3. e5 c5 4. dxc5 e6 5. Nf3 Bxc5 6. Bd3 Ne7 7. O-O Ng6 8. Re1 O-O 9. Nbd2 Nc6 10. Nb3 Bb6 11. Bxg6 fxg6 12. Be3 h6 13. Qd3 g5 14. c4 g4 15. Bxb6 Qxb6 16. Nfd4 Rf4 17. Nxc6 bxc6 18. cxd5 cxd5 19. Qe3 Rb4 20. Rad1 Bd7 21. Rd4 a5 22. Rc1 Rf8 23. Rxb4 Qxb4 24. Qc5 Qf4 25. Qd4 Qg5 26. Qe3 Qxe3 27. fxe3 Rf5 28. Nd4 Rxe5 29. Rc7 Be8 30. Kf2 Re4 31. Re7 Bf7 32. Ra7 e5 33. Nc6 d4 34. exd4 exd4 35. Ra8+ Kh7 36. Rd8 Bxa2 37. Nxa5 Bb1 38. Nb3 d3 39. Nc1 Rf4+ 40. Ke3 Re4+ 41. Kf2 Rc4 42. Nb3 Rc2+ 43. Kg3 Rxb2 44. Nc5 d2 45. Rd7 Bf5 46. Rd4 Rb5 47. Na4 Rb3+ 48. Kf2 Bd3 0-1

[Event "SRB-ch Semifinal 2021"]
[Site "Paracin"]
[Date "2021.03.21"]
[Round "8.10"]
[White "Kotrla, Sebastian"]
[Black "Abramovic, Bosko"]
[Result "0-1"]
[ECO "D02"]
[WhiteElo "2108"]
[BlackElo "2330"]
[Annotator "ChessBase"]
[PlyCount "80"]
[EventDate "2021.03.16"]
[EventType "swiss"]
[EventCountry "SRB"]
[SourceTitle "playchess.com"]
[Source "ChessBase"]
[SourceQuality "1"]
[TimeControl "40/5400+30:1800+30"]

1. d4 d5 2. Nf3 Nf6 3. Bf4 c5 4. c3 Qb6 5. Qb3 Nc6 6. e3 c4 7. Qc2 Bf5 8. Qc1 Nh5 9. Bg3 Nxg3 10. hxg3 e6 11. Nbd2 Qd8 12. Nh4 Be7 13. Nxf5 exf5 14. Be2 O-O 15. Qc2 g6 16. a4 a6 17. Bf3 Qd7 18. Qc1 Rfe8 19. b3 b5 20. bxc4 bxc4 21. Kf1 Rab8 22. Bd1 Na5 23. Rb1 Qd6 24. Bc2 Qa3 25. Qxa3 Bxa3 26. Ke2 Bb2 27. Rh6 Bxc3 28. Rbh1 Rb2 29. Kd1 Bxd2 30. Rxh7 Re6 31. Rh8+ Kg7 32. R1h7+ Kf6 33. Kxd2 Nb3+ 34. Kc3 Ra2 35. Rf8 Re7 36. Rb8 Na1 37. Rb2 Ra3+ 38. Kb4 Nxc2+ 39. Rxc2 Rb3+ 40. Kc5 Ke6 0-1

[Event "SRB-ch Semifinal 2021"]
[Site "Paracin"]
[Date "2021.03.22"]
[Round "9.4"]
[White "Radovanovic, Nikola"]
[Black "Drazic, Sinisa"]
[Result "0-1"]
[ECO "D11"]
[WhiteElo "2391"]
[BlackElo "2334"]
[Annotator "RC"]
[PlyCount "84"]
[EventDate "2021.03.16"]
[EventType "swiss"]
[EventCountry "SRB"]
[SourceTitle "playchess.com"]
[Source "ChessBase"]
[SourceQuality "1"]
[TimeControl "40/5400+30:1800+30"]

1. d4 d5 2. c4 c6 3. Nf3 Nf6 4. e3 Bg4 5. Nc3 e6 6. h3 Bxf3 7. Qxf3 Bb4 8. Bd3 Nbd7 9. O-O O-O 10. a3 Ba5 11. b4 Bc7 12. Bb2 Re8 13. Rad1 e5 14. cxd5 cxd5 15. dxe5 Nxe5 16. Qe2 Qd6 17. f4 Nxd3 18. Rxd3 Qa6 19. Qd2 Bb6 20. b5 Qa5 21. Kh2 Rad8 22. Rd1 h6 23. Nxd5 Nxd5 24. Qxa5 Bxa5 25. Rxd5 Rxd5 26. Rxd5 Rxe3 27. a4 Be1 28. Rd8+ Kh7 29. Rd1 Bg3+ 30. Kh1 a6 31. bxa6 bxa6 32. f5 a5 33. Bd4 Re4 34. Kg1 f6 35. Bf2 Be5 36. g4 Rxa4 37. Rd7 Rc4 38. Ra7 Rc1+ 39. Kg2 Rc2 40. Rd7 a4 41. Rd3 Bb2 42. Kf3 Rxf2+ 0-1